 Dungeon Crawl Stone Soup version 0.14-a0-218-g24e112a (webtiles) character file.

3175 Malachi the Cudgeler (level 9, -6/65 HPs)
             Began as a Mummy Abyssal Knight on Oct 8, 2013.
             Was a High Priest of Lugonu.
             Killed from afar by an orc warrior (15 damage)
             ... with a wand of fire
             ... on Level 7 of the Dungeon.
             The game lasted 00:21:40 (9838 turns).

Malachi the Cudgeler (Mummy Abyssal Knight)         Turns: 9838, Time: 00:21:40

HP  -6/65        AC 10     Str 18      XL: 9   Next: 44%
MP  15/16        EV  2     Int 11      God: Lugonu [*****.]
Gold 371         SH 28     Dex 11      Spells:  0 memorised,  8 levels left

Res.Fire  : . . .   See Invis. : .   a - +3 mace
Res.Cold  : . . .   Warding    : .   k - +0 dwarf chain mail
Life Prot.: + + +   Conserve   : .   e - +0 large shield
Res.Poison: +       Res.Corr.  : .   (no helmet)
Res.Elec. : .       Clarity    : .   (no cloak)
Sust.Abil.: . .     Spirit.Shd : .   (no gloves)
Res.Mut.  : .       Stasis     : .   (no boots)
Res.Rott. : +       Flight     : .   (no amulet)
Saprovore : . . .                    r - ring of wizardry
                                     m - ring of fire

@: somewhat resistant to hostile enchantments, extremely unstealthy
A: no food or potions, fire vulnerability, restore body, cold resistance 1, life
protection 3, poison resistance, torment resistance, unbreathing
a: Depart the Abyss, Bend Space, Banish, Corrupt, Enter the Abyss, Renounce
Religion


You were on level 7 of the Dungeon.
You worshipped Lugonu.
Lugonu was extremely pleased with you.
You were not hungry.

You visited 1 branch of the dungeon, and saw 8 of its levels.
You visited the Abyss 1 time.

You collected 351 gold pieces.

Inventory:

Hand weapons
 a - a +3,+3 mace (weapon)
 c - a +1,+0 mace
 w - a +1,+1 whip of flaming
 A - the +8,+5 dagger of Mourning {stab, Str+3}
   (You found it on level 8 of the Dungeon)

   It inflicts extra damage upon your enemies.
   It affects your strength (+3).
Missiles
 g - 2 javelins of penetration (quivered)
 l - 2 tomahawks
Armour
 b - a +0 leather armour
 e - a +0 large shield (worn)
 i - a +0 shield
 k - a +0 dwarven chain mail (worn)
Magical devices
 o - a wand of digging (15)
 q - a wand of polymorph (11)
 v - a wand of polymorph (0)
 x - a wand of draining (6) {unknown}
Scrolls
 d - 3 scrolls of identify
 f - 4 scrolls of teleportation
 h - 3 scrolls of remove curse
 j - 2 scrolls of enchant weapon I
 n - a scroll of magic mapping {unknown}
 p - 2 scrolls of blinking {unknown}
 s - a scroll of noise {unknown}
 y - a scroll of enchant weapon II
 z - a scroll of curse jewellery {unknown}
Jewellery
 m - a ring of fire (left hand)
 r - a ring of wizardry (right hand)
 t - an uncursed amulet of warding {unknown}
 u - an uncursed amulet of rage {unknown}


   Skills:
 + Level 4.7 Fighting
 * Level 5.8 Maces & Flails
 + Level 1.0 Throwing
 + Level 4.0 Armour
 + Level 4.0 Dodging
 - Level 0.1 Stealth
 + Level 4.5 Shields
 * Level 5.2 Invocations


You had 8 spell levels left.
You didn't know any spells.

Dungeon Overview and Level Annotations

Branches:
Dungeon (8/27)             Temple (0/1) D:5
    Orc: D:6-11        Lair: D:8-13

Altars:
Ashenzari
Cheibriados
Elyvilon
Makhleb
Nemelex Xobeh
Okawaru
Sif Muna
Yredelemnul


Innate Abilities, Weirdness & Mutations

You do not eat or drink.
Your flesh is vulnerable to fire.
Your flesh is cold resistant.
You are immune to negative energy.
Your system is resistant to poisons.
You are immune to unholy pain and torment.
You can survive without breathing.


Message History

* * * LOW HITPOINT WARNING * * *
The killer bee stings you.
* * * LOW HITPOINT WARNING * * *
You block the killer bee's attack.
The killer bee stings you but does no damage.
You block the killer bee's attack. You block the killer bee's attack.
The killer bee stings you.
* * * LOW HITPOINT WARNING * * *
Use which ability? (? or * to list)
Okay, then.
Use which ability? (? or * to list) Space bends around you!
You blink.
* * * LOW HITPOINT WARNING * * *
You block the killer bee's attack.
The killer bee stings you but does no damage.
The killer bee stings you.
* * * LOW HITPOINT WARNING * * *
You block the killer bee's attack.
The orc warrior zaps a wand.
The bolt of fire hits you!
You die...

#.##%####..#
####.##.#.#.#.#.
#..........#
#.#####.###...
#..###.##.##
##.###.## #### #$.#
#.).o.# #..#.## #
##.# #.###.# #...## #
#.....###I## #..## #
###.####...#######..#
#
.......#.o.okĀ§..>.#
# .####.....@k....##
# ##%########## # #.
# .. # ### #


You could see an orc warrior, an ice beast, 2 killer bees and an orc.

Vanquished Creatures
  Pikel (D:5)
  Grinder (D:4)
  Prince Ribbit (D:5)
  3 ice beasts
  A sky beast (D:5)
  A centaur (D:5)
  Sigmund (D:2)
  A gnoll sergeant (D:5)
  2 giant frogs
  A jelly (D:6)
  The ghost of 4tharraofdagon the Cudgeler, a weakling KoBe of Trog (D:5)
  3 crimson imps
  A killer bee (D:7)
  A hound (D:6)
  5 orc priests
  4 orc wizards
  2 worker ants
  4 scorpions
  A hound skeleton (D:6)
  14 gnolls
  11 adders
  2 giant mites
  4 worms
  An adder skeleton (D:5)
  2 adder zombies
  2 giant eyeballs
  An ooze (D:3)
  20 orcs
  A bat skeleton (D:4)
  2 giant cockroaches
  12 goblins
  6 hobgoblins
  7 jackals (D:3)
  13 kobolds
  5 quokkas
  4 ball pythons
  13 bats
  5 giant geckos
  A giant gecko skeleton (D:3)
  6 giant newts
  A goblin skeleton (D:4)
  A jackal zombie (D:5)
  9 rats
  A rat skeleton (D:6)
  A plant (D:6)
180 creatures vanquished.

Vanquished Creatures (others)
  2 orc warriors
  An ogre (D:6)
  A giant frog (D:6)
  A hound (D:6)
  An iguana (D:6)
  A worker ant (D:6)
  An orc (D:6)
  2 bats (D:6)
  A hobgoblin (D:6)
  A kobold (D:6)
  A giant spore (D:6)
13 creatures vanquished.

Grand Total: 193 creatures vanquished

Notes
Turn   | Place    | Note
--------------------------------------------------------------
     0 | Abyss:1  | Malachi, the Mummy Abyssal Knight, began the quest for the Orb.
     0 | Abyss:1  | Reached XP level 1. HP: 16/16 MP: 1/1
    11 | D:1      | Escaped the Abyss
   246 | D:1      | Reached XP level 2. HP: 17/22 MP: 2/2
   684 | D:1      | Reached skill level 1 in Dodging
   799 | D:1      | Reached XP level 3. HP: 28/28 MP: 3/3
  1013 | D:2      | Noticed Sigmund
  1036 | D:3      | Acquired Lugonu's second power
  1253 | D:3      | Reached XP level 4. HP: 34/34 MP: 5/5
  1431 | D:3      | Acquired Lugonu's third power
  1726 | D:3      | Reached XP level 5. HP: 31/40 MP: 6/6
  1858 | D:3      | Reached skill level 1 in Shields
  2756 | D:4      | Found a white marble altar of Elyvilon.
  2771 | D:4      | Noticed Grinder
  2815 | D:4      | Killed Grinder
  2815 | D:4      | Acquired Lugonu's fourth power
  2815 | D:4      | Reached XP level 6. HP: 41/46 MP: 7/9
  2830 | D:4      | Found a snail-covered altar of Cheibriados.
  3767 | D:4      | Found a sparkling altar of Nemelex Xobeh.
  4219 | D:3      | Reached XP level 7. HP: 28/52 MP: 10/10
  4596 | D:3      | Reached skill level 4 in Maces & Flails
  4862 | D:2      | Killed Sigmund
  4949 | D:2      | Found a shattered altar of Ashenzari.
  5176 | D:2      | Found a basalt altar of Yredelemnul.
  5181 | D:2      | Found a burning altar of Makhleb.
  5624 | D:2      | Found a deep blue altar of Sif Muna.
  5795 | D:5      | Entered Level 5 of the Dungeon
  5830 | D:5      | Found a staircase to the Ecumenical Temple.
  5879 | D:5      | Noticed 4tharraofdagon's ghost (weakling KoBe)
  5900 | D:5      | Killed 4tharraofdagon's ghost
  6511 | D:5      | Paralysed by a giant eyeball for 3 turns
  6596 | D:5      | Noticed Prince Ribbit
  6607 | D:5      | Reached XP level 8. HP: 29/59 MP: 12/12
  7815 | D:5      | Killed Prince Ribbit
  8108 | D:6      | Noticed Pikel
  8140 | D:5      | Killed Pikel
  8140 | D:5      | Reached skill level 5 in Maces & Flails
  8140 | D:5      | Reached XP level 9. HP: 53/65 MP: 14/16
  8250 | D:6      | Reached skill level 1 in Throwing
  8614 | D:6      | Acquired Lugonu's fifth power
  9218 | D:8      | Reached skill level 5 in Invocations
  9432 | D:8      | Got a twisted dagger
  9433 | D:8      | Identified the +8,+5 dagger of Mourning {stab, Str+3} (You found it on level 8 of the Dungeon)
  9433 | D:8      | Identified the +8,+5 dagger of Mourning {stab, Str+3} (You found it on level 8 of the Dungeon)
  9732 | D:7      | Found an iron altar of Okawaru.
  9736 | D:7      | Paralysed by a giant eyeball for 2 turns
  9838 | D:7      | Killed from afar by an orc warrior

Action                   |  1- 3 |  4- 6 |  7- 9 || total
-------------------------+-------+-------+-------++-------
Melee: Mace              |    74 |   230 |   496 ||   800
       Whip              |       |       |    39 ||    39
       Dagger            |       |       |    16 ||    16
Throw: Javelin           |     3 |     6 |    15 ||    24
       Throwing net      |       |     1 |     2 ||     3
Invok: Banish            |       |       |     4 ||     4
       Bend Space        |       |       |     1 ||     1
Evoke: Wand              |       |       |     4 ||     4
  Use: Scroll            |       |     7 |       ||     7
